 Dungeon Crawl Stone Soup version 0.30-a0-390-g80c34de65d (webtiles) character file.

Game seed: 7004507184713991322

150 NinjaNoafa the Shooter (level 5, -4/46 HPs)
             Began as a Hill Orc Hunter on Dec 4, 2022.
             Killed by divine providence
             ... invoked by an orc priest
              (14 damage)
             ... on level 3 of the Dungeon.
             The game lasted 00:07:03 (2949 turns).

NinjaNoafa the Shooter (Hill Orc Hunter)            Turns: 2949, Time: 00:07:04

Health: -4/46      AC:  5    Str: 14    XL:     5   Next: 32%
Magic:  5/5        EV: 11    Int:  9    God:
Gold:   121        SH:  0    Dex: 16    Spells: 4/4 levels left

rFire   + + .      SeeInvis .    a - +0 shortbow
rCold   + . .      Faith    .    (shield currently unavailable)
rNeg    . . .      Spirit   .    z - +0 ring mail
rPois   +          Reflect  .    (no helmet)
rElec   +          Harm     .    (no cloak)
rCorr   +          Rampage  .    (no gloves)
Will    .....                    (no boots)
Stlth   +.........               (no amulet)
HPRegen 0.27/turn                g - ring of resist corrosion
MPRegen 0.09/turn                v - ring of protection from fire

@: resistant
A: no striking features
a: Convert to Beogh


You were on level 3 of the Dungeon.
You visited 1 branch of the dungeon, and saw 3 of its levels.

You collected 121 gold pieces.

Inventory:

Hand Weapons
 a - a +0 shortbow (weapon)
Missiles
 h - 4 silver boomerangs
 i - 33 stones
 s - 4 poisoned darts
Armour
 z - a +0 ring mail (worn)
Jewellery
 g - a ring of resist corrosion (left hand)
 v - a ring of protection from fire (right hand)
 y - a +6 ring of intelligence
Wands
 u - a wand of polymorph (4)
Scrolls
 b - 3 scrolls of immolation
 c - a scroll of fear {unknown}
 e - a scroll of magic mapping {unknown}
 f - 4 scrolls of identify {unknown}
 k - a scroll of vulnerability {unknown}
 m - a scroll of amnesia {unknown}
 o - 2 scrolls of blinking {unknown}
 p - a scroll of acquirement {unknown}
 w - a scroll of brand weapon {unknown}
 x - a scroll of noise {unknown}
Potions
 d - a potion of magic
 j - a potion of might {unknown}
 l - a potion of invisibility {unknown}
 n - a potion of resistance
 q - a potion of curing
 r - a potion of flight {unknown}
 t - a potion of mutation {unknown}


   Skills:
 + Level 4.3 Fighting
 + Level 4.5 Ranged Weapons
 + Level 0.1 Armour
 + Level 2.6 Dodging
 - Level 0.7 Stealth


You had 4 spell levels left.
You didn't know any spells.
Your spell library contained the following spells:

 Spells                   Type           Power      Damage    Failure   Level
 Necrotise                Necr           0%         1d4       63%         1
 Vampiric Draining        Necr           0%         2d6       94%         3
 Agony                    Necr           0%         N/A       100%        5


Dungeon Overview and Level Annotations

Branches:
Dungeon (3/15)

Altars:
Okawaru


Message History

Pain shoots through your body!
You are too injured to fight recklessly!
You shoot an arrow.
The arrow closely misses the orc priest.
The orc priest hits you but does no damage.
You shoot an arrow. The arrow hits the orc priest.
The orc priest is almost dead.
The orc priest shouts, "Beogh is our master!
Accept the truth or die!"
The orc priest shouts, "Join the one true god or die!"
The orc priest hits you with a +0 short sword.
The orc priest misses you.
You shoot an arrow.
The arrow closely misses the orc priest.
The orc priest hits you with a +0 short sword.
You are too injured to fight recklessly!
You shoot an arrow.
The arrow completely misses the orc priest.
The orc priest hits you with a +0 short sword.
The orc priest shouts, "Join the one true god or die!"
The orc priest misses you.
You shoot an arrow. The arrow barely misses the orc priest.
The orc priest threatens, "By the altar or by the axe, you will meet Beogh!"
The orc priest calls down the wrath of Beogh upon you.
Beogh smites you!
* * * LOW HITPOINT WARNING * * *
You shoot an arrow.
The arrow hits the orc priest but does no damage.
The orc priest is almost dead.
The orc priest shouts, "Surrender to Beogh and we'll let you live!"
The orc priest closely misses you.
It was a potion of magic.
Magic courses through your body. The orc priest barely misses you.
It was a potion of resistance.
You feel protected.
The orc priest hits you with a +0 short sword.
* * * LOW HITPOINT WARNING * * *
It was a potion of curing.
You feel better.
The orc priest mumbles some strange prayers to Beogh against you.
Beogh smites you!
You die...

..............###......+.........
###...######.........###.........
##..## #.##.##...# #....<..#
#....# #. #...#..# ##.......
##.#.# #. #.#.#..# ##....## ###.#
#.##.#.#..#######+#.# #.#
#..>............#.#.## #.#
######..###........... #.#
#.@o.....###.#.#.## #.#
#.#..##..# #.....# ## #.#
#.#......# #.....## .# #.#
#.##.##.## #....... .####.#
#.##.##.####.#.#### ......#
#.##.........### #######
#.......###### #########


You could see an orc priest.

Vanquished Creatures
  An orc priest (D:3)
  4 adders (D:2)
  2 worms (D:2)
  3 dart slugs (D:1)
  2 orcs (D:3)
  3 bats
  5 endoplasms
  3 giant cockroaches
  8 goblins
  9 hobgoblins
  6 kobolds
  6 quokkas
  6 ball pythons
  4 frilled lizards
  4 rats
66 creatures vanquished.

Notes
Turn   | Place    | Note
-------+----------+-------------------------------------------
     0 | D:1      | NinjaNoafa the Hill Orc Hunter began the quest for the Orb.
     0 | D:1      | Reached XP level 1. HP: 18/18 MP: 1/1
    44 | D:1      | Reached XP level 2. HP: 25/25 MP: 2/2
   302 | D:1      | Reached XP level 3. HP: 27/31 MP: 3/3
  1105 | D:2      | Reached XP level 4. HP: 38/40 MP: 4/4
  1178 | D:2      | Found a faded altar of an unknown god.
  2297 | D:3      | Reached XP level 5. HP: 18/46 MP: 5/5
  2729 | D:3      | Found an iron altar of Okawaru.
  2949 | D:3      | Killed from afar by an orc priest

Illustrated notes

Levels and vault maps discovered:
D:1:      psy_arrival_basics, layout_loops_ring
D:2:      layout_basic, basic_ecumenical_altar, minmay_pentomino_t2
D:3:      layout_loops_corners, kennysheep_okawaru_gauntlet,
          reono_crystal_passage

Skill      XL: |  1  2  3  4 |
---------------+-------------+-----
Fighting       | 3 4 |  4.3
Ranged Weapons | 4 |  4.5
Dodging        | 2 |  2.6
Armour         | |  0.1
Stealth        | |  0.7

Action                   |  1- 3 |  4- 6 || total
-------------------------+-------+-------++-------
 Fire: Shortbow          |    98 |   125 ||   223
  Use: Potion            |       |     3 ||     3
Armor: Leather armour    |    17 |    16 ||    33
       Ring mail         |       |     1 ||     1
Dodge: Dodged            |    28 |    56 ||    84

Table legend: (Time is in decaauts)
 A = Elapsed time spent in this place.
 B = Non-inter-level travel time spent in this place.
 C = Inter-level travel time spent in this place.
 D = Time resting spent in this place.
 E = Time spent auto-exploring this place.
 F = Levels seen in this place.
 G = Mean time per level.
                   A        B        C        D        E       F      G
               +--------+--------+--------+--------+--------+-----+--------+
         Total |   3024 |   2905 |    119 |      0 |   2313 |   3 | 1008.0 |
       Dungeon |   3024 |   2905 |    119 |      0 |   2313 |   3 | 1008.0 |
               +--------+--------+--------+--------+--------+-----+--------+

Top non-repeatable levels by time:
     D:3: 1044 daAuts
     D:2: 1004 daAuts
     D:1: 975 daAuts
